 Dungeon Crawl Stone Soup version 0.27-a0-1149-g4505690ab0 (webtiles) character file.

Game seed: 3007896731564896832

1400 MikuNakano the Cleaver (level 8, -6/70 HPs)
             Began as a Minotaur Fighter on May 13, 2021.
             Was a Follower of Okawaru.
             Mangled by a phantom (9 damage)
             ... on level 5 of the Dungeon.
             The game lasted 00:06:52 (5704 turns).

MikuNakano the Cleaver (Minotaur Fighter)           Turns: 5704, Time: 00:06:53

Health: -6/70      AC:  2    Str: 23    XL:     8   Next: 41%
Magic:  7/7        EV: 10    Int:  9    God:    Okawaru [*.....]
Gold:   319        SH: 11    Dex: 10    Spells: 7/7 levels left

rFire    . . .     SeeInvis .   a - +1 war axe (drain)
rCold    . . .     Faith    .   c - +1 kite shield
rNeg     . . .     Spirit   .   q - +0 robe of Plasticity {Int+4 Slay+5}
rPois    .         Reflect  .   (helmet restricted)
rElec    .         Harm     .   (no cloak)
rCorr    .         Rampage  .   (no gloves)
Will     .....     Clarity  +   (no boots)
Stlth    +.........             (no amulet)
HPRegen  0.21/turn              (no ring)
MPRegen  0.10/turn              (no ring)

@: no status effects
A: horns 2, retaliatory headbutt, clarity, sense surroundings 1
a: Renounce Religion, Heroism


You were on level 5 of the Dungeon.
You worshipped Okawaru.
Okawaru was aware of your devotion.
You visited 1 branch of the dungeon, and saw 6 of its levels.

You collected 319 gold pieces.

Inventory:

Hand Weapons
 a - a +1 war axe of draining (weapon)
Missiles
 r - 2 throwing nets (quivered)
Armour
 b - a +0 scale mail
 c - a +1 kite shield (worn)
 q - the +0 robe of Plasticity (worn) {Int+4 Slay+5}
   (You found it on level 4 of the Dungeon)

   It affects your intelligence (+4).
   It affects your accuracy and damage with ranged weapons and melee attacks
   (+5).
Jewellery
 e - a ring of fire
 f - a ring of protection from cold
 p - an amulet of magic regeneration
Wands
 s - a wand of iceblast (8)
Scrolls
 d - a scroll of enchant weapon
 g - 6 scrolls of teleportation
 j - a scroll of amnesia
 m - a scroll of enchant armour
 o - a scroll of fog
 u - a scroll of identify
 v - a scroll of immolation
Potions
 h - a potion of brilliance
 i - a potion of curing
 k - a potion of invisibility {unknown}
 l - a potion of haste {unknown}
 n - a potion of attraction


   Skills:
 + Level 6.2 Fighting
 + Level 8.3 Axes
 + Level 6.1 Armour
 - Level 1.7 Dodging
 + Level 1.3 Stealth
 + Level 6.6 Shields


You had 7 spell levels left.
You didn't know any spells.
Your spell library contained the following spells:

 Spells                   Type           Power      Damage    Failure   Level
 Animate Skeleton         Necr           0%         N/A       75%         1
 Pain                     Necr           0%         1d4       75%         1
 Vampiric Draining        Necr           0%         2d6       98%         3
 Animate Dead             Necr           0%         N/A       100%        4
 Agony                    Necr           0%         N/A       100%        5


Dungeon Overview and Level Annotations

Branches:
Dungeon (6/15)             Temple (0/1) D:5

Altars:
Makhleb
Okawaru
Ru
Zin

Shops:
D:1 *   D:2 *!   D:4 [   D:5 **


Innate Abilities, Weirdness & Mutations

You have a pair of horns on your head.
You reflexively headbutt those who attack you in melee.
You possess an exceptional clarity of mind.
You passively map a small area around you.


Message History

Okay, then.
The orc throws a boomerang.
You block the boomerang. The phantom hits you. You block something's attack.
There is a stone staircase leading up here.
You block the phantom's attack.
The orc wizard gestures at itself while chanting.
The orc wizard flickers and vanishes!
Something hits you. Something shocks you.
* * * LOW HITPOINT WARNING * * *
You climb upwards.
Reactivating autopickup.
There is a stone staircase leading down here.
You closely miss the phantom. You hit something. The phantom hits you!
* * * LOW HITPOINT WARNING * * *
The phantom blinks!
You blink.
The phantom closely misses you. You furiously retaliate!
You headbutt the phantom! Something hits you.
* * * LOW HITPOINT WARNING * * *
Something shocks you.
* * * LOW HITPOINT WARNING * * *
Deactivating autopickup; reactivate with Ctrl-A.
You closely miss something. You headbutt something!
You closely miss the phantom. You block the phantom's attack.
A sky beast appears from thin air!
Reactivating autopickup.
The sky beast barely misses you. You furiously retaliate!
You headbutt the sky beast. You closely miss the sky beast.
Your headbutt misses the sky beast.
The sky beast is severely wounded.
You hit the phantom. You block the phantom's attack.
The sky beast flickers out of sight!
Deactivating autopickup; reactivate with Ctrl-A.
Something hits you.
* * * LOW HITPOINT WARNING * * *
Something shocks you.
* * * LOW HITPOINT WARNING * * *
You hit the phantom but do no damage.
The phantom is heavily damaged.
You miss something. The phantom hits you!
You die...

..................#...# #..#
.#.....##.............# ##.#
##.....##..........^..# #.#
.......##.........#...# #.#
.......##.........#...# #.#
.......#####.#..#.#...# #.#
.......# #..#........## #.#
#.#########.###.W......####.#
.....## #....##.@....#......#
......###.......{....#......#
..................>.........#
.......#.............#......#
.........###................#
.......####.................##
.......# #.[................#
......## #............#####.#
.....## ##..........## #.###


You could see a phantom.

Vanquished Creatures
  A water moccasin (D:4)
  5 ogres
  A scorpion (D:3)
  A water moccasin zombie (D:5)
  2 howler monkeys (D:4)
  A jelly (D:3)
  3 orc priests
  4 hounds
  3 iguanas
  An orc wizard (D:5)
  A killer bee zombie (D:5)
  A howler monkey zombie (D:5)
  14 gnolls
  6 adders
  4 worms
  3 dart slugs
  10 orcs
  7 bats
  5 endoplasms
  2 giant cockroaches
  10 goblins
  7 hobgoblins
  11 jackals
  8 kobolds
  3 quokkas
  8 ball pythons
  6 rats
128 creatures vanquished.

Notes
Turn   | Place    | Note
-------+----------+-------------------------------------------
     0 | D:1      | MikuNakano the Minotaur Fighter began the quest for the
                  | Orb.
     0 | D:1      | Reached XP level 1. HP: 19/19 MP: 0/0
   200 | D:1      | Reached XP level 2. HP: 25/27 MP: 1/1
   353 | D:1      | Found Iniag's Assorted Antiques.
   872 | D:2      | Reached skill level 3 in Axes
   872 | D:2      | Reached XP level 3. HP: 23/33 MP: 2/2
  1068 | D:2      | Found Fauhe's Distillery.
  1126 | D:2      | Found a faded altar of an unknown god.
  1158 | D:2      | Reached XP level 4. HP: 40/40 MP: 3/3
  1371 | D:2      | Found Leki's Assorted Antiques.
  1618 | D:2      | Reached skill level 1 in Dodging
  2085 | D:3      | Reached XP level 5. HP: 47/47 MP: 4/4
  2185 | D:3      | Reached skill level 4 in Axes
  2535 | D:3      | Reached skill level 5 in Armour
  2535 | D:3      | Reached XP level 6. HP: 53/53 MP: 5/5
  2981 | D:3      | Found an iron altar of Okawaru.
  2991 | D:3      | Became a worshipper of Warmaster Okawaru
  3093 | D:4      | Reached skill level 5 in Shields
  3141 | D:4      | Reached skill level 5 in Axes
  3247 | D:4      | Found a burning altar of Makhleb.
  3621 | D:4      | Found Hicur's Armour Emporium.
  3670 | D:4      | Noticed a water moccasin
  3680 | D:4      | Killed a water moccasin
  3681 | D:4      | Reached skill level 5 in Fighting
  3681 | D:4      | Reached skill level 6 in Axes
  3681 | D:4      | Reached XP level 7. HP: 21/61 MP: 6/6
  4201 | D:4      | Identified the +0 robe of Plasticity {Int+4 Slay+5}
  4285 | D:4      | Reached * piety under Okawaru
  4715 | D:5      | Entered Level 5 of the Dungeon
  4725 | D:5      | Reached skill level 1 in Stealth
  5036 | D:5      | Reached skill level 7 in Axes
  5101 | D:5      | Found a staircase to the Ecumenical Temple.
  5118 | D:5      | Found Atteuhoz's Assorted Antiques.
  5123 | D:5      | Found Zin's Purification Station.
  5128 | D:5      | Found a glowing silver altar of Zin.
  5141 | D:5      | Reached XP level 8. HP: 62/70 MP: 7/7
  5156 | D:5      | Gained mutation: You possess an exceptional clarity of
                  | mind. [potion of mutation]
  5156 | D:5      | Gained mutation: You passively map a small area around you.
                  | [potion of mutation]
  5162 | D:5      | Reached skill level 8 in Axes
  5202 | D:5      | Identified the +10 flail "No More Talking" {vorpal, Str+4}
  5206 | D:5      | Reached ** piety under Okawaru
  5647 | D:5      | Found a sacrificial altar of Ru.
  5703 | D:5      | HP: 3/70 [something (4)]
  5704 | D:5      | Mangled by a phantom

Illustrated notes

Levels and vault maps discovered:
D:1:      roderic_crop_circles_arrival_small, layout_basic, serial_shops,
          nicolae_shop_waterfront, kennysheep_decorative_pillar
D:2:      layout_loops_ring, basic_ecumenical_altar, serial_shops, shop, shop
D:3:      layout_basic, lemuel_coloured_pillars_altar, minmay_mini_jars
D:4:      layout_loops_ring, old_standard_altar, serial_shops,
          kennysheep_mini_moat
D:5:      layout_rooms, zin_purify, nicolae_ru_the_path_less_chosen,
          minmay_temple_entry_antechambers, serial_shops,
          nicolae_shop_overgrown_old_shop
D:6:      layout_rooms, grunt_gozag_breadcrumbs, nicolae_overflow_hidden_temple,
          grunt_temple_overflow_growth_and_decay, kennysheep_generic_room_9

Skill      XL: |  1  2  3  4  5  6  7  8 |
---------------+-------------------------+-----
Fighting       | 4 5 6 |  6.2
Shields        | 4 5 6 |  6.6
Axes           | 3 4 6 7 8 |  8.3
Armour         | 4 5 6 |  6.1
Dodging        | 1 |  1.7
Stealth        | 1 |  1.3

Action                   |  1- 3 |  4- 6 |  7- 9 || total
-------------------------+-------+-------+-------++-------
Melee: War axe           |    68 |   136 |    87 ||   291
       Headbutt          |    12 |    15 |    14 ||    41
  Use: Scroll            |     5 |     3 |     3 ||    11
       Potion            |       |     2 |     4 ||     6
Armor: Scale mail        |    39 |    44 |     2 ||    85
       Robe              |       |       |     7 ||     7
Dodge: Dodged            |    24 |    49 |    38 ||   111
Block: Kite shield       |    36 |   109 |    51 ||   196

Table legend: (Time is in decaauts)
 A = Elapsed time spent in this place.
 B = Non-inter-level travel time spent in this place.
 C = Inter-level travel time spent in this place.
 D = Time resting spent in this place.
 E = Time spent auto-exploring this place.
 F = Levels seen in this place.
 G = Mean time per level.
                   A        B        C        D        E       F      G
               +--------+--------+--------+--------+--------+-----+--------+
         Total |   5841 |   5629 |    212 |     51 |   4766 |   6 |  973.5 |
       Dungeon |   5841 |   5629 |    212 |     51 |   4766 |   6 |  973.5 |
               +--------+--------+--------+--------+--------+-----+--------+

Top non-repeatable levels by time:
     D:4: 1780 daAuts
     D:2: 1236 daAuts
     D:3: 1053 daAuts
     D:1: 882 daAuts
     D:5: 878 daAuts
     D:6: 9 daAuts
